[Event "Croatian junior league 2021"]
[Site "Rabac"]
[Date "2021.04.06"]
[Round "2.1"]
[White "Karlusic, Luka"]
[Black "Novosel, Marko"]
[Result "0-1"]
[ECO "D00"]
[WhiteElo "2047"]
[BlackElo "2130"]
[Annotator "ChessBase"]
[PlyCount "120"]
[EventDate "2021.04.06"]
[EventType "swiss"]
[EventCountry "CRO"]
[SourceTitle "playchess.com"]
[Source "ChessBase"]
[SourceQuality "1"]
[TimeControl "5400+30"]

1. d4 Nf6 2. Nc3 d5 3. Bf4 c6 4. e3 Bf5 5. f3 h6 6. g4 Bg6 7. h4 e6 8. Bd3 Bxd3 9. Qxd3 Bd6 10. Nge2 Na6 11. O-O-O Bxf4 12. Nxf4 Qa5 13. g5 Nd7 14. g6 O-O 15. gxf7+ Rxf7 16. Qg6 e5 17. Ne6 Nf8 18. Nxf8 Raxf8 19. Rhg1 Qc7 20. Qxh6 exd4 21. Rxd4 Rxf3 22. Qe6+ Qf7 23. Qe5 Qf6 24. Qh2 Rf1+ 25. Nd1 Rxg1 26. Qxg1 Nc5 27. Rg4 Ne4 28. Rg6 Qe5 29. h5 Kh7 30. Qg4 Rf1 31. Qe2 Rf5 32. Qg4 Rf1 33. Qe2 Rh1 34. Qg2 Rxd1+ 35. Kxd1 Qxh5+ 36. Ke1 Qxg6 37. Qh3+ Qh6 38. Qf5+ g6 39. Qd7+ Qg7 40. Qh3+ Kg8 41. c4 Qf7 42. Qg2 Qf5 43. cxd5 cxd5 44. Qh2 Qc8 45. Kd1 Qg4+ 46. Kc2 Qc8+ 47. Kd1 Qd7 48. Qb8+ Kg7 49. Qe5+ Nf6 50. Kd2 Kf7 51. Qf4 g5 52. Qf3 Qg4 53. Qf1 Qb4+ 54. Kd1 Qxb2 55. Qf5 Qa1+ 56. Ke2 Qxa2+ 57. Kf3 g4+ 58. Kg3 Qc4 59. Kh4 g3+ 60. Kxg3 Qg4+ 0-1

[Event "Croatian junior league 2021"]
[Site "Rabac"]
[Date "2021.04.06"]
[Round "2.2"]
[White "Klapac, Patrik"]
[Black "Mahecic, Lovre"]
[Result "0-1"]
[ECO "C50"]
[WhiteElo "1780"]
[BlackElo "1958"]
[Annotator "NA"]
[PlyCount "48"]
[EventDate "2021.04.06"]
[EventType "swiss"]
[EventCountry "CRO"]
[SourceTitle "playchess.com"]
[Source "ChessBase"]
[SourceQuality "1"]
[TimeControl "5400+30"]

1. e4 e5 2. Nf3 Nc6 3. Bc4 Bc5 4. d3 h6 5. O-O d6 6. h3 Nf6 7. Nc3 g5 8. Nh2 g4 9. hxg4 Rg8 10. g5 hxg5 11. Be3 g4 12. Bxc5 dxc5 13. Nd5 Nxd5 14. exd5 Nd4 15. Re1 Qh4 16. c3 Rh8 17. cxd4 Qxh2+ 18. Kf1 cxd4 19. Qd2 Qh1+ 20. Ke2 Qxg2 21. Kd1 f6 22. Rc1 g3 23. fxg3 Bg4+ 24. Kc2 Qxd2+ 0-1

[Event "Croatian junior league 2021"]
[Site "Rabac"]
[Date "2021.04.06"]
[Round "2.3"]
[White "Novosel, Lovro"]
[Black "Jakovic, Roko"]
[Result "1-0"]
[ECO "D02"]
[WhiteElo "1997"]
[BlackElo "1846"]
[Annotator "NA"]
[PlyCount "116"]
[EventDate "2021.04.06"]
[EventType "swiss"]
[EventCountry "CRO"]
[SourceTitle "playchess.com"]
[Source "ChessBase"]
[SourceQuality "1"]
[TimeControl "5400+30"]

1. Nf3 c5 2. g3 Nc6 3. d4 d5 4. Bg2 Nf6 5. O-O e6 6. b3 Be7 7. Bb2 O-O 8. Nbd2 b6 9. c4 Bb7 10. cxd5 exd5 11. Rc1 cxd4 12. Nxd4 Nxd4 13. Bxd4 Rc8 14. Rxc8 Qxc8 15. Qb1 Qe6 16. Nf3 h6 17. Qb2 Rc8 18. Rd1 Qf5 19. Bc3 b5 20. Nd4 Qd7 21. a3 a6 22. Bb4 Bxb4 23. axb4 Qc7 24. Qa3 Ne4 25. e3 g6 26. Bh3 Rd8 27. Rc1 Qd6 28. Bg2 Rc8 29. Bxe4 Rxc1+ 30. Qxc1 dxe4 31. Qc3 Qd7 32. Qc5 Qd5 33. Qe7 Kg7 34. h4 Bc8 35. Qa7 Qd7 36. Qc5 Bb7 37. Qe5+ Kg8 38. h5 Bd5 39. Kg2 Kh7 40. Qf6 Qg4 41. Qxa6 Be6 42. hxg6+ Kxg6 43. Qxb5 Qh3+ 44. Kg1 Qg4 45. Qe5 Bd7 46. b5 Qd1+ 47. Kg2 Bh3+ 48. Kh2 Qg4 49. Nc6 Bf1 50. Ne7+ Kh7 51. Kg1 Bh3 52. Qf4 Qe6 53. Nc6 Qd5 54. Nd4 Be6 55. b6 Bc8 56. Kg2 Qd7 57. Qf5+ Qxf5 58. Nxf5 Bd7 1-0

[Event "Croatian junior league 2021"]
[Site "Rabac"]
[Date "2021.04.06"]
[Round "2.4"]
[White "Veverec, Ivo"]
[Black "Moric, Ivan"]
[Result "1-0"]
[ECO "E90"]
[WhiteElo "1786"]
[BlackElo "1907"]
[Annotator "NA"]
[PlyCount "143"]
[EventDate "2021.04.06"]
[EventType "swiss"]
[EventCountry "CRO"]
[SourceTitle "playchess.com"]
[Source "ChessBase"]
[SourceQuality "1"]
[TimeControl "5400+30"]

1. Nf3 Nf6 2. c4 g6 3. d4 Bg7 4. Nc3 O-O 5. e4 d6 6. Bd3 e5 7. d5 a5 8. O-O Na6 9. a3 Nc5 10. Be3 Nfd7 11. Bc2 f5 12. b4 Nxe4 13. Bxe4 fxe4 14. Nxe4 h6 15. Qd2 Kh7 16. bxa5 Nf6 17. Ng3 Ng4 18. Rab1 Nxe3 19. fxe3 c5 20. dxc6 bxc6 21. Rb6 Qc7 22. Rd1 Bg4 23. Rf1 Be6 24. Rc1 Rfd8 25. h3 d5 26. cxd5 Bxd5 27. Qe1 e4 28. Nh2 Qa7 29. Rb4 Qxa5 30. Nxe4 Qxa3 31. Nf2 Re8 32. e4 Ra4 33. Rcb1 Rxb4 34. Qxb4 Qxb4 35. Rxb4 Be6 36. Nhg4 c5 37. Rb6 Bd4 38. Kf1 h5 39. Nh2 Rf8 40. Nf3 Bc4+ 41. Ke1 Ra8 42. Nxd4 cxd4 43. Rb4 Ra1+ 44. Nd1 Be6 45. Rxd4 Kg7 46. Ke2 Kf6 47. Nf2 Ke5 48. Rb4 Ra2+ 49. Ke3 Ra3+ 50. Nd3+ Kf6 51. e5+ Ke7 52. g4 hxg4 53. hxg4 Bd7 54. Rd4 Bb5 55. Ke4 Bxd3+ 56. Rxd3 Ra4+ 57. Rd4 Ra5 58. Kf4 Ke6 59. Rd6+ Kf7 60. Rf6+ Kg7 61. Rd6 Kf7 62. Ke4 Ra4+ 63. Rd4 Ra5 64. Kf4 Ke6 65. Re4 Ra8 66. Kg5 Kf7 67. e6+ Kg7 68. e7 Kf7 69. e8=Q+ Rxe8 70. Rxe8 Kxe8 71. Kxg6 Ke7 72. g5 1-0

[Event "Croatian junior league 2021"]
[Site "Rabac"]
[Date "2021.04.06"]
[Round "2.5"]
[White "Vucenovic, Damian"]
[Black "Begic, Domagoj"]
[Result "1-0"]
[ECO "B01"]
[WhiteElo "1980"]
[BlackElo "1706"]
[Annotator "NA"]
[PlyCount "51"]
[EventDate "2021.04.06"]
[EventType "swiss"]
[EventCountry "CRO"]
[SourceTitle "playchess.com"]
[Source "ChessBase"]
[SourceQuality "1"]
[TimeControl "5400+30"]

1. e4 d5 2. exd5 Qxd5 3. Nc3 Qd8 4. Bc4 Nf6 5. Nf3 Bf5 6. d3 e6 7. Bf4 c6 8. Qe2 Be7 9. O-O-O b5 10. Bb3 Nbd7 11. Nd4 Rc8 12. Nxf5 exf5 13. Rhe1 Kf8 14. d4 Bb4 15. Rd3 Bxc3 16. Rxc3 Nb6 17. Re3 a5 18. Re7 Nbd5 19. Bxd5 Qxd5 20. f3 h6 21. Be5 Nd7 22. Bd6 Kg8 23. Rxd7 Qxa2 24. Qe5 b4 25. Qxf5 Ra8 26. Rde7 1-0

[Event "Croatian junior league 2021"]
[Site "Rabac"]
[Date "2021.04.06"]
[Round "2.9"]
[White "Kovac, Petar"]
[Black "Jakrlin, Mihael"]
[Result "1-0"]
[ECO "A65"]
[WhiteElo "2089"]
[BlackElo "2106"]
[Annotator "ChessBase"]
[PlyCount "71"]
[EventDate "2021.04.06"]
[EventType "swiss"]
[EventCountry "CRO"]
[SourceTitle "playchess.com"]
[Source "ChessBase"]
[SourceQuality "1"]
[TimeControl "5400+30"]

1. d4 Nf6 2. c4 g6 3. Nc3 Bg7 4. e4 d6 5. f3 O-O 6. Bg5 c5 7. d5 e6 8. Qd2 exd5 9. cxd5 a6 10. a4 Nbd7 11. Nh3 Re8 12. Nf2 Qc7 13. Be2 Rb8 14. O-O b6 15. Rfc1 Bb7 16. Rab1 Rbc8 17. b3 Qb8 18. Nfd1 Ne5 19. Nb2 Rc7 20. Re1 h5 21. Rbd1 Nh7 22. Bh6 Bh8 23. h3 Rce7 24. f4 Nd7 25. Bd3 Bd4+ 26. Kh1 Ndf6 27. Nc4 Bc8 28. e5 Bxc3 29. Qxc3 Nxd5 30. Qb2 dxe5 31. Bxg6 fxg6 32. Rxd5 b5 33. axb5 axb5 34. Nxe5 Nf8 35. Kh2 Qb6 36. Nf7 1-0

[Event "Croatian junior league 2021"]
[Site "Rabac"]
[Date "2021.04.06"]
[Round "2.10"]
[White "Troselj, Ivan"]
[Black "Stjepic, Borna"]
[Result "1-0"]
[ECO "B07"]
[WhiteElo "1962"]
[BlackElo "1825"]
[Annotator "ChessBase"]
[PlyCount "147"]
[EventDate "2021.04.06"]
[EventType "swiss"]
[EventCountry "CRO"]
[SourceTitle "playchess.com"]
[Source "ChessBase"]
[SourceQuality "1"]
[TimeControl "5400+30"]

1. e4 g6 2. d4 Bg7 3. Nf3 d6 4. c3 Nf6 5. Bd3 O-O 6. O-O Bg4 7. h3 Bxf3 8. Qxf3 Nbd7 9. Bg5 e5 10. Re1 Qe8 11. Na3 a6 12. Rad1 h6 13. Bc1 Nh7 14. Qg3 h5 15. Bc4 Kh8 16. f4 Qe7 17. f5 g5 18. Qf3 Ndf6 19. Bb3 a5 20. dxe5 Qxe5 21. Nc4 Qc5+ 22. Be3 Qb5 23. Bd4 a4 24. Na3 Qd7 25. Bc2 Qc6 26. e5 Qxf3 27. gxf3 dxe5 28. Rxe5 Rfe8 29. Nb5 Ra5 30. Rxe8+ Nxe8 31. Re1 Bxd4+ 32. Nxd4 Nd6 33. Re7 c5 34. Ne2 Nf6 35. Ng3 Rb5 36. b3 axb3 37. axb3 Kg7 38. Kf2 h4 39. Ne4 Nfxe4+ 40. fxe4 Kf6 41. Rc7 Ra5 42. Ke3 Ra2 43. Bd1 Rg2 44. Rxc5 Rg3+ 45. Kd4 Nxe4 46. Kxe4 Rxh3 47. c4 Rg3 48. Rd5 h3 49. Rd2 Rg2 50. Rd6+ Kg7 51. Bf3 Rg1 52. Ke3 h2 53. Bxb7 g4 54. Rd2 h1=Q 55. Bxh1 Rxh1 56. Kf4 Rg1 57. Rd3 Kf6 58. Rc3 Rd1 59. Kxg4 Rd4+ 60. Kf3 Kxf5 61. b4 Ke5 62. b5 Kd6 63. c5+ Kc7 64. c6 Rb4 65. Rc5 f6 66. Ke3 Kb6 67. c7 Kxc5 68. c8=Q+ Kxb5 69. Kd3 Rb3+ 70. Kd4 Rb4+ 71. Kd5 Ka4 72. Qc3 f5 73. Kc5 Re4 74. Qb2 1-0

[Event "Croatian junior league 2021"]
[Site "Rabac"]
[Date "2021.04.06"]
[Round "2.11"]
[White "Vukojevic, Toni"]
[Black "Birkic, Josip"]
[Result "1/2-1/2"]
[ECO "B15"]
[WhiteElo "1538"]
[BlackElo "1972"]
[Annotator "ChessBase"]
[PlyCount "127"]
[EventDate "2021.04.06"]
[EventType "swiss"]
[EventCountry "CRO"]
[SourceTitle "playchess.com"]
[Source "ChessBase"]
[SourceQuality "1"]
[TimeControl "5400+30"]

1. e4 c6 2. d4 d5 3. Nc3 Nf6 4. e5 Ng8 5. f4 h5 6. Be2 h4 7. h3 Bf5 8. Nf3 e6 9. Be3 Ne7 10. Qd2 Nd7 11. Bf2 Ng6 12. a3 Be7 13. O-O Rc8 14. b4 O-O 15. Be3 f6 16. Bd3 Bxd3 17. Qxd3 f5 18. Qe2 b6 19. Na4 c5 20. c3 Rc7 21. Rac1 Qe8 22. Nb2 Qa8 23. Ng5 Bxg5 24. fxg5 f4 25. Bd2 Rf5 26. Qh5 Ndf8 27. Nd3 cxd4 28. cxd4 Rcf7 29. Be1 Qd8 30. Bxh4 Nxh4 31. Qxh4 Ng6 32. Qg4 Qxg5 33. Qxg5 Rxg5 34. Rc8+ Kh7 35. Re8 Rg3 36. Rf3 Rxf3 37. gxf3 Ne7 38. b5 Kg6 39. Nb4 Kf5 40. Ra8 Kg6 41. Rxa7 Nf5 42. Rxf7 Kxf7 43. Nc6 Ne3 44. a4 Nc4 45. Kf2 Ke8 46. Ke2 Kd7 47. h4 Ne3 48. a5 bxa5 49. Nxa5 Nf5 50. Nb3 Kc7 51. Kd3 Kb6 52. Nc5 Kxb5 53. Nxe6 Kc6 54. h5 Nh4 55. Nxg7 Nxf3 56. e6 Kd6 57. h6 Ng5 58. Nh5 Kxe6 59. Nxf4+ Kf6 60. Nxd5+ Kg6 61. Ne7+ Kxh6 62. d5 Nf7 63. Kd4 Kg5 64. Ke4 1/2-1/2

[Event "Croatian junior league 2021"]
[Site "Rabac"]
[Date "2021.04.06"]
[Round "2.12"]
[White "Levacic, Matej"]
[Black "Bunic, Emanuel"]
[Result "1-0"]
[ECO "E16"]
[WhiteElo "2144"]
[BlackElo "1839"]
[Annotator "ChessBase"]
[PlyCount "109"]
[EventDate "2021.04.06"]
[EventType "swiss"]
[EventCountry "CRO"]
[SourceTitle "playchess.com"]
[Source "ChessBase"]
[SourceQuality "1"]
[TimeControl "5400+30"]

1. d4 Nf6 2. Nf3 e6 3. c4 Bb4+ 4. Bd2 c5 5. Bxb4 cxb4 6. g3 b6 7. Bg2 Bb7 8. O-O O-O 9. a3 bxa3 10. Rxa3 d6 11. Nc3 a6 12. Qd2 Qc7 13. b3 Nbd7 14. Rd1 Rfc8 15. Rc1 Ne4 16. Nxe4 Bxe4 17. Raa1 Nf6 18. Qf4 a5 19. Bh3 d5 20. Ne5 dxc4 21. Rxc4 Qd6 22. Rac1 Rxc4 23. Rxc4 Bd5 24. Rc3 Rd8 25. Bg2 Rf8 26. Ng6 Qxf4 27. Nxf4 Bxg2 28. Kxg2 Rb8 29. Rc7 Kf8 30. Kf3 g5 31. Nd3 g4+ 32. Kg2 Nd5 33. Ra7 h5 34. Ne5 Rc8 35. e4 Nb4 36. Nd7+ Kg7 37. Nxb6 Rc2 38. d5 exd5 39. exd5 Rd2 40. Rxa5 Nc2 41. Kf1 Nd4 42. Ra1 Nxb3 43. Ra3 Nd4 44. Ke1 Nc2+ 45. Kxd2 Nxa3 46. Kd3 f5 47. Kd4 Kf6 48. Kc5 Nc2 49. d6 Ne1 50. Nd5+ Ke6 51. Kc6 Nf3 52. Nf4+ Kf7 53. d7 Ne5+ 54. Kc7 Nxd7 55. Kxd7 1-0

[Event "Croatian junior league 2021"]
[Site "Rabac"]
[Date "2021.04.06"]
[Round "2.13"]
[White "Zadro, Matej"]
[Black "Ljubicic, Mario"]
[Result "0-1"]
[ECO "B00"]
[WhiteElo "1742"]
[BlackElo "2036"]
[Annotator "ChessBase"]
[PlyCount "50"]
[EventDate "2021.04.06"]
[EventType "swiss"]
[EventCountry "CRO"]
[SourceTitle "playchess.com"]
[Source "ChessBase"]
[SourceQuality "1"]
[TimeControl "5400+30"]

1. e4 Nc6 2. Nf3 d6 3. d4 Nf6 4. Nc3 g6 5. Ng1 e5 6. d5 Nb8 7. Nge2 c6 8. f3 Bg7 9. Bg5 O-O 10. Qd2 c5 11. g4 Bd7 12. h4 b5 13. O-O-O b4 14. Nb1 Qa5 15. h5 Qxa2 16. Bh6 Be8 17. Ng3 c4 18. c3 bxc3 19. Nxc3 Qa1+ 20. Nb1 c3 21. bxc3 Ba4 22. Nf5 Nbd7 23. Bxg7 Rfb8 24. Bd3 Nc5 25. Qh6 Qb2# 0-1

[Event "Croatian junior league 2021"]
[Site "Rabac"]
[Date "2021.04.06"]
[Round "2.14"]
[White "Mijic, Karlo"]
[Black "Horcicka, Jan"]
[Result "0-1"]
[ECO "C68"]
[WhiteElo "1599"]
[BlackElo "1698"]
[Annotator "NA"]
[PlyCount "52"]
[EventDate "2021.04.06"]
[EventType "swiss"]
[EventCountry "CRO"]
[SourceTitle "playchess.com"]
[Source "ChessBase"]
[SourceQuality "1"]
[TimeControl "5400+30"]

1. e4 e5 2. Nf3 Nc6 3. Bb5 a6 4. Bxc6 dxc6 5. O-O Bg4 6. h3 h5 7. d3 Qf6 8. Nbd2 g5 9. Nc4 Bxf3 10. Qxf3 Qxf3 11. gxf3 f6 12. Ne3 O-O-O 13. Kg2 Nh6 14. Rh1 Bc5 15. Kf1 Rhf8 16. h4 g4 17. f4 f5 18. exf5 Nxf5 19. Ng2 e4 20. Ke2 exd3+ 21. cxd3 Rfe8+ 22. Be3 g3 23. Rac1 gxf2 24. Rh3 Ba7 25. Rc3 Bxe3 26. Nxe3 Nxe3 0-1

[Event "Croatian junior league 2021"]
[Site "Rabac"]
[Date "2021.04.06"]
[Round "2.15"]
[White "Kostic, Lovro"]
[Black "Bedic, Noemi"]
[Result "1/2-1/2"]
[ECO "A45"]
[WhiteElo "1367"]
[BlackElo "1587"]
[Annotator "NA"]
[PlyCount "100"]
[EventDate "2021.04.06"]
[EventType "swiss"]
[EventCountry "CRO"]
[SourceTitle "playchess.com"]
[Source "ChessBase"]
[SourceQuality "1"]
[TimeControl "5400+30"]

1. d4 Nf6 2. Bg5 g6 3. Bxf6 exf6 4. g3 Bg7 5. Bg2 d5 6. Nd2 O-O 7. e3 Re8 8. Ne2 b6 9. O-O Bb7 10. c4 c6 11. Rc1 f5 12. a4 Nd7 13. b4 Nf6 14. c5 a5 15. Qb3 bxc5 16. bxc5 Rb8 17. Rfe1 Ba6 18. Qc2 Re7 19. Nc3 Ne4 20. Rb1 Nxd2 21. Qxd2 Reb7 22. Rxb7 Rxb7 23. Rb1 Rxb1+ 24. Nxb1 Qb8 25. Qd1 Bc4 26. Nd2 Qb4 27. Nxc4 Qxc4 28. Bf1 Qb4 29. Bd3 Bf6 30. Qb1 Qxa4 31. Qb6 f4 32. gxf4 Qd1+ 33. Bf1 Qg4+ 34. Bg2 Bh4 35. Qa6 Qd1+ 36. Qf1 Qxf1+ 37. Bxf1 Kf8 38. f3 f5 39. Bd3 a4 40. Kf1 a3 41. Bb1 Bd8 42. Ke2 Ba5 43. Kd3 Ke7 44. e4 fxe4+ 45. fxe4 Ke6 46. exd5+ cxd5 47. Ke3 Bc7 48. h3 Bb8 49. Kf3 h6 50. Ke3 Bc7 1/2-1/2

[Event "Croatian junior league 2021"]
[Site "Rabac"]
[Date "2021.04.06"]
[Round "2.16"]
[White "Colev, Ivor"]
[Black "Cvitan, Ena"]
[Result "0-1"]
[ECO "B12"]
[WhiteElo "1847"]
[BlackElo "2263"]
[Annotator "ChessBase"]
[PlyCount "88"]
[EventDate "2021.04.06"]
[EventType "swiss"]
[EventCountry "CRO"]
[SourceTitle "playchess.com"]
[Source "ChessBase"]
[SourceQuality "1"]
[TimeControl "5400+30"]

1. e4 c6 2. d4 d5 3. e5 c5 4. dxc5 e6 5. a3 Bxc5 6. b4 Bb6 7. Bb2 Nh6 8. Nf3 Ng4 9. Bb5+ Bd7 10. Bxd7+ Nxd7 11. O-O Qc7 12. h3 Ngxe5 13. Nxe5 Nxe5 14. Re1 Ng6 15. Qxd5 O-O 16. Qe4 Rac8 17. Nc3 Qg3 18. Nd1 Qf4 19. Qxf4 Nxf4 20. Re4 g5 21. Bf6 h6 22. c4 Nh5 23. Bb2 Ng3 24. Re5 Rxc4 25. Ne3 Re4 26. Ng4 f5 27. Rxe4 Nxe4 28. Ne5 Rd8 29. Rc1 Nxf2 30. Kh2 Nd3 31. Nxd3 Rxd3 32. Rc8+ Rd8 33. Rc2 Be3 34. Bf6 Rd2 35. Rc8+ Kf7 36. Be5 f4 37. Rc7+ Ke8 38. Rc3 Re2 39. Rc8+ Kd7 40. Rc7+ Kd8 41. Rxb7 f3 42. Rb8+ Kd7 43. Rb7+ Kc6 44. Rf7 fxg2 0-1

[Event "Croatian junior league 2021"]
[Site "Rabac"]
[Date "2021.04.06"]
[Round "2.17"]
[White "Ghersinich, Enrico"]
[Black "Perko, Bartol"]
[Result "1-0"]
[ECO "A22"]
[WhiteElo "2186"]
[BlackElo "1766"]
[Annotator "ChessBase"]
[PlyCount "65"]
[EventDate "2021.04.06"]
[EventType "swiss"]
[EventCountry "CRO"]
[SourceTitle "playchess.com"]
[Source "ChessBase"]
[SourceQuality "1"]
[TimeControl "5400+30"]

1. c4 e5 2. Nc3 Nf6 3. g3 d6 4. Bg2 Be7 5. Nf3 O-O 6. d4 exd4 7. Nxd4 Nbd7 8. O-O Nc5 9. b4 Ne6 10. Nf5 Re8 11. Nxe7+ Qxe7 12. Bb2 Ng5 13. Qd4 Qf8 14. Rfe1 a5 15. Nd5 Nxd5 16. cxd5 f6 17. b5 a4 18. Rac1 Bd7 19. h4 Nf7 20. Rxc7 Bxb5 21. Bh3 Nd8 22. h5 Re7 23. Rec1 a3 24. Ba1 Ra4 25. Qb6 Rxc7 26. Rxc7 Rc4 27. h6 Rxc7 28. Qxc7 Nf7 29. Be6 Bxe2 30. Bc3 Bh5 31. g4 Bg6 32. hxg7 Qxg7 33. Qd8+ 1-0

[Event "Croatian junior league 2021"]
[Site "Rabac"]
[Date "2021.04.06"]
[Round "2.18"]
[White "Poljan, Max"]
[Black "Purini, Bruno"]
[Result "0-1"]
[ECO "A20"]
[WhiteElo "1573"]
[BlackElo "1987"]
[Annotator "NA"]
[PlyCount "50"]
[EventDate "2021.04.06"]
[EventType "swiss"]
[EventCountry "CRO"]
[SourceTitle "playchess.com"]
[Source "ChessBase"]
[SourceQuality "1"]
[TimeControl "5400+30"]

1. c4 e6 2. g3 c5 3. Bg2 d5 4. cxd5 exd5 5. d4 Nf6 6. Nc3 cxd4 7. Qxd4 Nc6 8. Qa4 Be7 9. Nf3 O-O 10. O-O Qb6 11. Rd1 Rd8 12. Nb5 Ne4 13. Be3 Bc5 14. Bxc5 Nxc5 15. Qh4 Qxb5 16. Nd4 Qb6 17. Rac1 Be6 18. Nxc6 bxc6 19. b4 Nb7 20. Rc3 Nd6 21. Rdc1 Rdc8 22. e3 h6 23. a3 a5 24. bxa5 Rxa5 25. e4 d4 0-1

[Event "Croatian junior league 2021"]
[Site "Rabac"]
[Date "2021.04.06"]
[Round "2.19"]
[White "Muha, Magdalena"]
[Black "Hergotic, Mihael"]
[Result "1-0"]
[ECO "E09"]
[WhiteElo "1806"]
[BlackElo "1476"]
[Annotator "NA"]
[PlyCount "55"]
[EventDate "2021.04.06"]
[EventType "swiss"]
[EventCountry "CRO"]
[SourceTitle "playchess.com"]
[Source "ChessBase"]
[SourceQuality "1"]
[TimeControl "5400+30"]

1. d4 d5 2. c4 e6 3. Nf3 Nf6 4. g3 c6 5. Qc2 Nbd7 6. Bg2 Be7 7. O-O O-O 8. Nbd2 Re8 9. e4 dxe4 10. Nxe4 Nxe4 11. Qxe4 Nf6 12. Qc2 Bd7 13. Rd1 b5 14. Ne5 Rc8 15. b3 Qa5 16. g4 Red8 17. g5 Ne8 18. Be4 f5 19. gxf6 Nxf6 20. Bg5 h6 21. Bh4 Be8 22. Bg6 c5 23. Bxe8 Rxe8 24. Qg6 Rf8 25. Rd3 Bd6 26. Rg3 Rc7 27. Bxf6 Rxf6 28. Qxf6 1-0

[Event "Croatian junior league 2021"]
[Site "Rabac"]
[Date "2021.04.06"]
[Round "2.20"]
[White "Damjanovic, Stjepan"]
[Black "Cotic, Borna"]
[Result "0-1"]
[ECO "B46"]
[WhiteElo "1890"]
[BlackElo "2120"]
[Annotator "ChessBase"]
[PlyCount "57"]
[EventDate "2021.04.06"]
[EventType "swiss"]
[EventCountry "CRO"]
[SourceTitle "playchess.com"]
[Source "ChessBase"]
[SourceQuality "1"]
[TimeControl "5400+30"]

1. e4 c5 2. Nf3 e6 3. d4 cxd4 4. Nxd4 Nc6 5. Nc3 Qc7 6. f4 a6 7. Nxc6 bxc6 8. Bd3 d5 9. O-O Nf6 10. Kh1 Be7 11. b3 Bb7 12. Bb2 c5 13. Qe2 d4 14. Nb1 O-O 15. Nd2 Nd7 16. e5 Bd5 17. Ne4 f5 18. exf6 Bxf6 19. Qh5 g6 20. Qh3 Rae8 21. Rae1 Qc6 22. c4 Bxe4 23. Bxe4 Qd6 24. Rf2 Bg7 25. g3 Nf6 26. Bg2 e5 27. fxe5 Re7 28. e6 Rxe6 29. Re5 0-1

[Event "Croatian junior league 2021"]
[Site "Rabac"]
[Date "2021.04.06"]
[Round "2.21"]
[White "Simunic, Krunoslav"]
[Black "Mandaric, Fran"]
[Result "1-0"]
[ECO "E11"]
[WhiteElo "1999"]
[BlackElo "1684"]
[Annotator "ChessBase"]
[PlyCount "49"]
[EventDate "2021.04.06"]
[EventType "swiss"]
[EventCountry "CRO"]
[SourceTitle "playchess.com"]
[Source "ChessBase"]
[SourceQuality "1"]
[TimeControl "5400+30"]

1. d4 Nf6 2. c4 e6 3. Nf3 d5 4. g3 Bb4+ 5. Bd2 Bxd2+ 6. Qxd2 O-O 7. Bg2 b6 8. Nc3 Bb7 9. b3 Nbd7 10. O-O c5 11. e3 Rc8 12. cxd5 exd5 13. Rfd1 Ne4 14. Nxe4 dxe4 15. Ne5 cxd4 16. Qxd4 Nxe5 17. Qxe5 Qc7 18. Qf5 g6 19. Qf6 Rfd8 20. Bh3 Rxd1+ 21. Rxd1 Rf8 22. Bf1 Rc8 23. Bb5 Bc6 24. Bxc6 Qxc6 25. Rd8+ 1-0

[Event "Croatian junior league 2021"]
[Site "Rabac"]
[Date "2021.04.06"]
[Round "2.22"]
[White "Juric, Ester"]
[Black "Baric, Marko"]
[Result "0-1"]
[ECO "E53"]
[WhiteElo "1587"]
[BlackElo "1936"]
[Annotator "NA"]
[PlyCount "53"]
[EventDate "2021.04.06"]
[EventType "swiss"]
[EventCountry "CRO"]
[SourceTitle "playchess.com"]
[Source "ChessBase"]
[SourceQuality "1"]
[TimeControl "5400+30"]

1. d4 Nf6 2. c4 e6 3. Nc3 Bb4 4. e3 O-O 5. Nf3 d5 6. Bd3 c5 7. a3 cxd4 8. exd4 Be7 9. c5 b6 10. b4 a5 11. Bb2 bxc5 12. dxc5 Na6 13. Bxa6 Bxa6 14. b5 Rb8 15. Qe2 d4 16. Rd1 dxc3 17. Rxd8 Rfxd8 18. Bxc3 Bxb5 19. Qc2 Bd3 20. Qa2 Rb1+ 21. Qxb1 Bxb1 22. Bxa5 Rc8 23. O-O Be4 24. a4 Bxf3 25. gxf3 Bxc5 26. Rb1 Nd5 27. Rc1 0-1

[Event "Croatian junior league 2021"]
[Site "Rabac"]
[Date "2021.04.06"]
[Round "2.23"]
[White "Denic, Marin"]
[Black "Markovic, Marko"]
[Result "0-1"]
[ECO "B78"]
[WhiteElo "1914"]
[BlackElo "2232"]
[Annotator "ChessBase"]
[PlyCount "64"]
[EventDate "2021.04.06"]
[EventType "swiss"]
[EventCountry "CRO"]
[SourceTitle "playchess.com"]
[Source "ChessBase"]
[SourceQuality "1"]
[TimeControl "5400+30"]

1. e4 c5 2. Nf3 Nc6 3. d4 cxd4 4. Nxd4 g6 5. Nc3 Bg7 6. Be3 Nf6 7. Bc4 O-O 8. Bb3 d6 9. f3 Bd7 10. Qd2 a6 11. O-O-O b5 12. h4 Nxd4 13. Bxd4 a5 14. Nd5 Nxd5 15. Bxd5 Rc8 16. Bxg7 Kxg7 17. Qd4+ Kg8 18. c3 b4 19. h5 e6 20. f4 e5 21. Qf2 bxc3 22. b3 Qf6 23. hxg6 hxg6 24. Kc2 exf4 25. g3 Bg4 26. Rd3 f3 27. Qh2 Qg7 28. Qh4 Be6 29. Rxf3 Bxd5 30. exd5 Rfe8 31. Rh2 Re5 32. Rd3 Rh5 0-1